MLB
SAN DIEGO PADRES @ NEW YORK METS
06/05/2039
 
TOP OF THE 1ST
San Diego Padres batting - Pitching for New York Mets : RHP Jake Berlin
Pitching: RHP Jake Berlin
Batting: LHB Alex Rios 0-0: Called Strike
0-1: Ball
1-1: Swinging Strike
1-2: Fly out, F8 (Flyball, 89S, EV 93.8 MPH)
Batting: RHB Jody Moss 0-0: Ball
1-0: Ball
2-0: Foul Ball, location: 2F
2-1: Ball
3-1: Swinging Strike
3-2: Foul Ball, location: 23F
3-2: SINGLE (Flyball, 9, EV 95.0 MPH)
Batting: LHB Jesus Rivera 0-0: Foul Ball, location: 9LMFF
0-1: Foul Ball, location: 2F
0-2: Fly out, F8 (Line Drive, 8LM, EV 90.0 MPH)
Batting: SHB Ethan Aherns 0-0: Ball
1-0: Ground out 4-3 (Groundball, 34, EV 81.3 MPH)
Top of the 1st over - 0 runs, 1 hit, 0 errors, 1 left on base; San Diego 0 - New York 0
BOTTOM OF THE 1ST
New York Mets batting - Pitching for San Diego Padres : RHP Cesarre Gibson
Pitching: RHP Cesarre Gibson
Batting: RHB Ben Sweeney 0-0: Ball
1-0: Ball
2-0: Swinging Strike
2-1: Called Strike
2-2: Strikes out swinging
Batting: RHB Dan Serratos 0-0: Called Strike
0-1: Ball
1-1: Ball
2-1: Fly out, F8 (Flyball, 8LXD, EV 90.0 MPH)
Batting: RHB Juan Fernandez 0-0: SINGLE (Groundball, 56D, EV 101.3 MPH)
Batting: RHB Bobby Vargas 0-0: Ball
1-0: DOUBLE (Line Drive, 7LM, EV 98.1 MPH)
Juan Fernandez to third
Batting: SHB C.J. Youakim 0-0: Ball
1-0: Ball
2-0: Called Strike
2-1: Foul Ball, location: 7LMF
2-2: Ball
3-2: Ground out 3-1 (Groundball, 34, EV 81.9 MPH)
Bottom of the 1st over - 0 runs, 2 hits, 0 errors, 2 left on base; San Diego 0 - New York 0
TOP OF THE 2ND
San Diego Padres batting - Pitching for New York Mets : RHP Jake Berlin
Batting: LHB Danny Espinoza 0-0: Called Strike
0-1: Fly out, F4 (Popup, 4, EV 77.5 MPH)
Batting: LHB Pete Sanford 0-0: Ball
1-0: Ball
2-0: Called Strike
2-1: Fly out, F6 (Popup, 6M, EV 58.1 MPH)
Batting: RHB Danny Diaz 0-0: Foul Ball, location: 3F
0-1: Ball
1-1: Called Strike
1-2: Strikes out swinging
Top of the 2nd over - 0 runs, 0 hits, 0 errors, 0 left on base; San Diego 0 - New York 0
BOTTOM OF THE 2ND
New York Mets batting - Pitching for San Diego Padres : RHP Cesarre Gibson
Batting: RHB Henry Cano 0-0: Ball
1-0: Foul Ball, location: 3DF
1-1: Ground out 4-3 (Groundball, 4D, EV 100.0 MPH)
Batting: LHB Zayne Sorto 0-0: Called Strike
0-1: Foul Ball, location: 2F
0-2: Reached on error, E6 (Groundball, 56, EV 104.4 MPH)
Batting: RHB Loys Moscoso 0-0: Ball
1-0: Called Strike
1-1: SINGLE (Groundball, 6M, EV 88.8 MPH)
Zayne Sorto to second
Batting: LHB Joe Little 0-0: Fly out, F7 (Line Drive, 7S, EV 103.1 MPH)
Batting: RHB Ben Sweeney 0-0: Ball
1-0: Ground out 5-3 (Groundball, 56S, EV 83.8 MPH)
Bottom of the 2nd over - 0 runs, 1 hit, 1 error, 2 left on base; San Diego 0 - New York 0
TOP OF THE 3RD
San Diego Padres batting - Pitching for New York Mets : RHP Jake Berlin
Batting: RHB Bob Melton 0-0: Ball
1-0: Foul Ball, location: 2F
1-1: Ball
2-1: Foul Ball, location: 2F
2-2: Ball
3-2: Foul Ball, location: 2F
3-2: Fly out, F7 (Flyball, 78D, EV 93.8 MPH)
Batting: RHB Brennan Milone 0-0: Ball
1-0: Ball
2-0: Swinging Strike
2-1: Foul Ball, location: 2F
2-2: Strikes out swinging
Batting: LHB Alex Rios 0-0: Foul Ball, location: 2F
0-1: Ball
1-1: Reached on error, E5 (Groundball, 56, EV 103.1 MPH)
Batting: RHB Jody Moss 0-0: Fielders Choice at 2nd, 5-4 (Groundball, 5, EV 107.5 MPH)
Top of the 3rd over - 0 runs, 0 hits, 1 error, 1 left on base; San Diego 0 - New York 0
BOTTOM OF THE 3RD
New York Mets batting - Pitching for San Diego Padres : RHP Cesarre Gibson
Batting: RHB Dan Serratos 0-0: Ball
1-0: Ball
2-0: Ball
3-0: Base on Balls
Batting: RHB Juan Fernandez 0-0: Swinging Strike
0-1: Ball
1-1: Foul Ball, location: 9LDF
1-2: Ball
2-2: Foul Ball, location: 25F
2-2: Strikes out looking
Batting: RHB Bobby Vargas 0-0: Ball
1-0: Called Strike
1-1: Swinging Strike
1-2: Foul Ball, location: 9LMFF
1-2: SINGLE (Line Drive, 4D, EV 98.8 MPH)
Dan Serratos to second
Batting: SHB C.J. Youakim 0-0: Fly out, F8 (Flyball, 8RD, EV 91.3 MPH)
Batting: RHB Henry Cano 0-0: SINGLE (Groundball, 6S, EV 73.1 MPH) (infield hit)
Dan Serratos to third
Bobby Vargas to second
Batting: LHB Zayne Sorto 0-0: Called Strike
0-1: Called Strike
0-2: Strikes out swinging
Bottom of the 3rd over - 0 runs, 2 hits, 0 errors, 3 left on base; San Diego 0 - New York 0
TOP OF THE 4TH
San Diego Padres batting - Pitching for New York Mets : RHP Jake Berlin
Batting: LHB Jesus Rivera 0-0: Ball
1-0: Ball
2-0: Called Strike
2-1: Called Strike
2-2: Ball
3-2: Ground out 1-3 (Groundball, 34S, EV 67.5 MPH)
Batting: SHB Ethan Aherns 0-0: Swinging Strike
0-1: Ground out U3 (Groundball, 3, EV 105.6 MPH)
Batting: LHB Danny Espinoza 0-0: Ball
1-0: Called Strike
1-1: Called Strike
1-2: DOUBLE (Flyball, 89XD, EV 95.6 MPH)
Batting: LHB Pete Sanford 0-0: Ball
1-0: Ball
2-0: Ground out 6-3 (Groundball, 6M, EV 80.6 MPH)
Top of the 4th over - 0 runs, 1 hit, 0 errors, 1 left on base; San Diego 0 - New York 0
BOTTOM OF THE 4TH
New York Mets batting - Pitching for San Diego Padres : RHP Cesarre Gibson
Batting: RHB Loys Moscoso 0-0: Ball
1-0: Called Strike
1-1: Swinging Strike
1-2: Ball
2-2: Foul Ball, location: 2F
2-2: Ball
3-2: SINGLE (Line Drive, 4D, EV 94.4 MPH)
Batting: LHB Joe Little 0-0: Foul Ball, location: 7LSF
0-1: Swinging Strike
0-2: Strikes out swinging
Batting: RHB Ben Sweeney 0-0: Foul Ball, location: 2F
0-1: Ball
1-1: Fly out, F8 (Flyball, 8RM, EV 84.4 MPH)
Batting: RHB Dan Serratos 0-0: Swinging Strike
0-1: Ball
1-1: Ball
2-1: Fly out, F9 (Flyball, 9, EV 91.3 MPH)
Bottom of the 4th over - 0 runs, 1 hit, 0 errors, 1 left on base; San Diego 0 - New York 0
TOP OF THE 5TH
San Diego Padres batting - Pitching for New York Mets : RHP Jake Berlin
Batting: RHB Danny Diaz 0-0: Ball
1-0: Ball
2-0: SINGLE (Line Drive, 89S, EV 106.9 MPH)
Batting: RHB Bob Melton 0-0: Foul Ball, location: 2F
0-1: Called Strike
0-2: Ball
1-2: Strikes out swinging
Batting: RHB Brennan Milone 0-0: Swinging Strike
0-1: Called Strike
0-2: Ball
1-2: Foul Ball, location: 2F
1-2: Strikes out looking
Batting: LHB Alex Rios 0-0: Called Strike
0-1: Ball
1-1: Foul Ball, location: 2F
1-2: Strikes out looking
Top of the 5th over - 0 runs, 1 hit, 0 errors, 1 left on base; San Diego 0 - New York 0
BOTTOM OF THE 5TH
New York Mets batting - Pitching for San Diego Padres : RHP Cesarre Gibson
Batting: RHB Juan Fernandez 0-0: Ball
1-0: Ball
2-0: Ball
3-0: Called Strike
3-1: Called Strike
3-2: Base on Balls
Batting: RHB Bobby Vargas 0-0: Ball
1-0: Ball
2-0: Ball
3-0: Base on Balls
Juan Fernandez to second
Batting: SHB C.J. Youakim 0-0: Ball
1-0: Ball
2-0: Called Strike
2-1: Ball
3-1: Fly out, F3 (Popup, 3, EV 77.5 MPH)
Batting: RHB Henry Cano 0-0: Called Strike
0-1: Ball
1-1: Ball
2-1: Foul Ball, location: 25FF
2-2: Foul Ball, location: 3FF
2-2: Ball
3-2: Foul Ball, location: 5FF
3-2: SINGLE (Line Drive, 78S, EV 105.0 MPH)
Juan Fernandez to third
Bobby Vargas to second
Batting: LHB Zayne Sorto 0-0: Called Strike
0-1: Swinging Strike
0-2: Strikes out swinging
Batting: RHB Loys Moscoso 0-0: Foul Ball, location: 3F
0-1: Ball
1-1: Ball
2-1: Ball
3-1: Base on Balls
Juan Fernandez scores
Bobby Vargas to third
Henry Cano to second
Batting: LHB Joe Little 0-0: Swinging Strike
0-1: Ball
1-1: Called Strike
1-2: Strikes out swinging
Bottom of the 5th over - 1 run, 1 hit, 0 errors, 3 left on base; San Diego 0 - New York 1
TOP OF THE 6TH
San Diego Padres batting - Pitching for New York Mets : RHP Jake Berlin
Batting: RHB Jody Moss 0-0: Ball
1-0: Ground out 6-3 (Groundball, 6, EV 90.0 MPH)
Batting: LHB Jesus Rivera 0-0: Called Strike
0-1: Called Strike
0-2: Ball
1-2: Fly out, F6 (Popup, 6MS, EV 60.0 MPH)
Batting: SHB Ethan Aherns 0-0: Called Strike
0-1: Ball
1-1: Ball
2-1: SINGLE (Line Drive, 78S, EV 111.3 MPH)
Batting: LHB Danny Espinoza 0-0: SINGLE (Groundball, 23, EV 88.1 MPH) (infield hit)
Ethan Aherns to second
Batting: LHB Pete Sanford 0-0: Called Strike
0-1: Ball
1-1: Foul Ball, location: 25F
1-2: Strikes out swinging
Top of the 6th over - 0 runs, 2 hits, 0 errors, 2 left on base; San Diego 0 - New York 1
BOTTOM OF THE 6TH
New York Mets batting - Pitching for San Diego Padres : RHP Cesarre Gibson
Pitching: RHP Sandi Charle
Batting: RHB Ben Sweeney 0-0: Ball
1-0: Foul Ball, location: 2F
1-1: Called Strike
1-2: Ball
2-2: Reaches on Catchers interference
Batting: RHB Dan Serratos 0-0: Ball
1-0: Called Strike
1-1: Foul Ball, location: 2F
1-2: Ball
2-2: Strikes out swinging
Batting: RHB Juan Fernandez 0-0: Fly out, F8 (Flyball, 89S, EV 88.8 MPH)
Batting: RHB Bobby Vargas 0-0: Swinging Strike
0-1: Foul Ball, location: 5DF
0-2: SINGLE (Line Drive, 89S, EV 92.5 MPH)
Ben Sweeney to second
Runner from 2nd tries for 3rd, SAFE, no throw by CF
Batting: SHB C.J. Youakim 0-0: Ball
1-0: Fly out, F8 (Flyball, 89D, EV 91.9 MPH)
Bottom of the 6th over - 0 runs, 1 hit, 1 error, 2 left on base; San Diego 0 - New York 1
TOP OF THE 7TH
San Diego Padres batting - Pitching for New York Mets : RHP Jake Berlin
Batting: RHB Danny Diaz 0-0: Foul Ball, location: 9LDF
0-1: Ball
1-1: Ground out 5-3 (Groundball, 56, EV 105.6 MPH)
Batting: RHB Bob Melton 0-0: Ball
1-0: Ball
2-0: Foul Ball, location: 23F
2-1: Swinging Strike
2-2: Ground out 6-3 (Groundball, 6, EV 85.6 MPH)
Pinch Hitting: LHB Glen Carless 0-0: Swinging Strike
0-1: Foul Ball, location: 5F
0-2: Foul Ball, location: 2F
0-2: Strikes out looking
Top of the 7th over - 0 runs, 0 hits, 0 errors, 0 left on base; San Diego 0 - New York 1
BOTTOM OF THE 7TH
New York Mets batting - Pitching for San Diego Padres : RHP Sandi Charle
Now at SS: Glen Carless
Batting: RHB Henry Cano 0-0: Swinging Strike
0-1: Foul Ball, location: 2F
0-2: Ground out 5-3 (Groundball, 56S, EV 91.3 MPH)
Batting: LHB Zayne Sorto 0-0: Called Strike
0-1: Ground out 1-3 (Groundball, 34S, EV 60.0 MPH)
Batting: RHB Loys Moscoso 0-0: Called Strike
0-1: Called Strike
0-2: Ball
1-2: Foul Ball, location: 3FF
1-2: Foul Ball, location: 9LSF
1-2: Ball
2-2: Foul Ball, location: 2F
2-2: Ground out 1-3 (Groundball, 13S, EV 66.3 MPH)
Bottom of the 7th over - 0 runs, 0 hits, 0 errors, 0 left on base; San Diego 0 - New York 1
TOP OF THE 8TH
San Diego Padres batting - Pitching for New York Mets : RHP Jake Berlin
Now at 1B: Marco Quintana
Batting: LHB Alex Rios 0-0: Ball
1-0: Foul Ball, location: 2F
1-1: Swinging Strike
1-2: Ball
2-2: Foul Ball, location: 2F
2-2: SINGLE (Flyball, 8LS, EV 94.4 MPH)
Pitching: RHP Chris Eggemeyer
Pinch Hitting: LHB Bobby Reynolds 0-0: Foul Ball, location: 25F
0-1: Called Strike
0-2: Ball
1-2: Ball
2-2: Foul Ball, location: 23F
2-2: Ball
3-2: Fly out, F7 (Flyball, 78M, EV 78.8 MPH)
Batting: LHB Jesus Rivera 0-0: Swinging Strike
0-1: SINGLE (Flyball, 56D, EV 94.4 MPH)
Alex Rios to second
Batting: SHB Ethan Aherns 0-0: Foul Ball, location: 7LMF
0-1: Ball
1-1: Ball
2-1: Ball
3-1: Called Strike
3-2: Fly out, F6 (Popup, 6M, EV 57.5 MPH)
Pitching: LHP Danny Miller
Batting: LHB Danny Espinoza 0-0: Ball
1-0: Fly out, F7 (Flyball, 7, EV 77.5 MPH)
Top of the 8th over - 0 runs, 2 hits, 0 errors, 2 left on base; San Diego 0 - New York 1
BOTTOM OF THE 8TH
New York Mets batting - Pitching for San Diego Padres : RHP Sandi Charle
Pitching: RHP Chris McGillis
Now at 1B: Bobby Reynolds
Now in LF: Danny Diaz
Batting: LHB Joe Little 0-0: Called Strike
0-1: Foul Ball, location: 5DF
0-2: Ball
1-2: Foul Ball, location: 2LF
1-2: Ball
2-2: Fly out, F7 (Line Drive, 7D, EV 95.6 MPH)
Batting: RHB Ben Sweeney 0-0: Ball
1-0: Ground out 1-3 (Groundball, 13S, EV 75.0 MPH)
Batting: RHB Dan Serratos 0-0: Ball
1-0: Ball
2-0: Ball
3-0: Base on Balls
Batting: RHB Juan Fernandez 0-0: Fielders Choice at 2nd, 6-4 (Groundball, 6, EV 86.3 MPH)
Bottom of the 8th over - 0 runs, 0 hits, 0 errors, 1 left on base; San Diego 0 - New York 1
TOP OF THE 9TH
San Diego Padres batting - Pitching for New York Mets : LHP Danny Miller
Pitching: RHP Eric Davis
Batting: LHB Pete Sanford 0-0: Ball
1-0: Foul Ball, location: 5F
1-1: Swinging Strike
1-2: Ground out U3 (Groundball, 3L, EV 82.5 MPH)
Batting: RHB Danny Diaz 0-0: Ball
1-0: Ball
2-0: Foul Ball, location: 2F
2-1: Foul Ball, location: 3DF
2-2: Foul Ball, location: 2F
2-2: Ball
3-2: Base on Balls
Batting: RHB Bob Melton 0-0: Called Strike
0-1: Ball
1-1: Foul Ball, location: 3SF
1-2: Strikes out swinging
Batting: LHB Glen Carless 0-0: Ball
Wild Pitch!
Danny Diaz to second
1-0: SINGLE (Line Drive, 9LS, EV 101.9 MPH)
Danny Diaz to third
Runner from 3rd tries for Home, SAFE, throw by RF to home
Glen Carless to second
Batting: LHB Alex Rios 0-0: Called Strike
0-1: Foul Ball, location: 9LSFF
0-2: Strikes out swinging
Top of the 9th over - 1 run, 1 hit, 0 errors, 1 left on base; San Diego 1 - New York 1
BOTTOM OF THE 9TH
New York Mets batting - Pitching for San Diego Padres : RHP Chris McGillis
Batting: RHB Bobby Vargas 0-0: Foul Ball, location: 23F
0-1: Swinging Strike
0-2: Foul Ball, location: 9LSF
0-2: Ball
1-2: Ball
2-2: SINGLE (Groundball, 4MD, EV 96.9 MPH)
Pitching: LHP Mario Ysaguirre
Pinch Hitting: RHB Julian Moreno 0-0: Foul Ball, location: 5F
0-1: Fly out, F7 (Flyball, 7D, EV 110.0 MPH)
Batting: RHB Henry Cano 0-0: Ball
1-0: Foul Ball, location: 3SF
1-1: Foul Ball, location: 2LF
1-2: Ball
2-2: SINGLE (Line Drive, 89M, EV 106.9 MPH)
Bobby Vargas to second
Batting: LHB Zayne Sorto 0-0: Foul Ball, location: 25F
0-1: Ball
1-1: Ball
2-1: Fielders Choice at 2nd, 6-4 (Groundball, 6, EV 84.4 MPH)
Bobby Vargas to third
Batting: RHB Loys Moscoso 0-0: Ball
1-0: Ball
2-0: Called Strike
2-1: Ball
3-1: Base on Balls
Zayne Sorto to second
Batting: LHB Joe Little 0-0: Called Strike
0-1: Ball
1-1: Called Strike
1-2: Strikes out swinging
Bottom of the 9th over - 0 runs, 2 hits, 0 errors, 3 left on base; San Diego 1 - New York 1
TOP OF THE 10TH
San Diego Padres batting - Pitching for New York Mets : RHP Eric Davis
Now at 1B: Julian Moreno
Batting: LHB Bobby Reynolds 0-0: Fly out, F7 (Flyball, 78M, EV 87.5 MPH)
Batting: LHB Jesus Rivera 0-0: Called Strike
0-1: Ball
1-1: Foul Ball, location: 2F
1-2: Ball
2-2: Ball
3-2: Foul Ball, location: 25FF
3-2: Ground out U3 (Groundball, 3, EV 105.0 MPH)
Batting: SHB Ethan Aherns 0-0: Ball
1-0: Fly out, F7 (Flyball, 7, EV 91.9 MPH)
Top of the 10th over - 0 runs, 0 hits, 0 errors, 0 left on base; San Diego 1 - New York 1
BOTTOM OF THE 10TH
New York Mets batting - Pitching for San Diego Padres : LHP Mario Ysaguirre
Pitching: RHP Jeff Libby
Pinch Hitting: LHB Luis Trejo 0-0: Called Strike
0-1: Ball
1-1: Called Strike
1-2: Ball
2-2: Foul Ball, location: 5FF
2-2: Strikes out looking
Pitching: RHP Pat O'Connell
Batting: RHB Dan Serratos 0-0: Ball
1-0: Swinging Strike
1-1: Called Strike
1-2: Foul Ball, location: 5F
1-2: Ball
2-2: Ball
3-2: Foul Ball, location: 2F
3-2: Foul Ball, location: 2F
3-2: DOUBLE (Line Drive, 9LS, EV 99.4 MPH)
Batting: RHB Juan Fernandez 0-0: Called Strike
0-1: Foul Ball, location: 2F
0-2: Strikes out swinging
Batting: RHB Bobby Vargas 0-0: Intentional Walk
Batting: RHB Julian Moreno 0-0: Ball
1-0: Ball
2-0: Foul Ball, location: 3DF
2-1: SINGLE (Line Drive, 5D, EV 98.1 MPH)
Dan Serratos to third
Bobby Vargas to second
Runner from 3rd tries for Home, SAFE, throw by LF to home
Bottom of the 10th over - 1 run, 2 hits, 0 errors, 2 left on base; San Diego 1 - New York 2
Friday, April 12th , 2024 - OOTP Baseball 24.11 Build 85